 Dungeon Crawl Stone Soup version 0.22.0-49-gab54619674 (webtiles) character file.

4675 Americanboy the Archer (level 10, -1/91 HPs)
             Began as a Centaur Hunter on Sept 2, 2018.
             Was an Elder of Okawaru.
             Slain by a hornet (12 damage)
             ... while paralysed by a hornet
             ... on level 8 of the Dungeon.
             The game lasted 00:15:39 (9833 turns).

Americanboy the Archer (Centaur Hunter)             Turns: 9833, Time: 00:15:40

Health: -1/91      AC:  6    Str: 14    XL:     10   Next: 21%
Magic:  10/10      EV:  1    Int: 10    God:    Okawaru [****..]
Gold:   421        SH:  0    Dex: 14    Spells: 9/9 levels left

rFire    . . .     SeeInvis .   a - +2 shortbow
rCold    . . .     Gourm    .   (shield currently unavailable)
rNeg     + . .     Faith    .   c - +0 leather armour
rPois    .         Spirit   .   (no helmet)
rElec    .         Reflect  .   C - +1 cloak
rCorr    .         Harm     .   (no gloves)
MR       .....                  (no barding)
Stlth    ++........             (no amulet)
HPRegen  0.25/turn              n - ring of positive energy
MPRegen  0.12/turn              r - ring of stealth

@: paralysed, lethally poisoned (-1 -> -23), slowed, drained, very quick
A: large, hooves 3, deformed body, speed 2, tough skin 3
a: Heroism, Renounce Religion


You were on level 8 of the Dungeon.
You worshipped Okawaru.
Okawaru was greatly pleased with you.
You were not hungry.

You visited 1 branch of the dungeon, and saw 8 of its levels.

You collected 421 gold pieces.

Inventory:

Hand Weapons
 a - a +2 shortbow (weapon)
 h - a +4 short sword
 v - the +6 hand axe of Tenacity {protect, *Rage MR+++ Str-5 Int+7}
   (You took it off a gnoll on level 3 of the Dungeon)

   It protects the one who uses it against injury (+AC on strike).
   It affects your strength (-5).
   It affects your intelligence (+7).
   It affects your resistance to hostile enchantments.
   It may make you go berserk in combat.
Missiles
 d - 62 arrows (quivered)
Armour
 c - a +0 leather armour (worn)
 C - a +1 cloak (worn)
Jewellery
 n - a ring of positive energy (left hand)
 r - a ring of stealth (right hand)
Wands
 s - a wand of disintegration (8)
 u - a wand of paralysis (10)
 B - a wand of digging (9)
 G - a wand of polymorph (11)
Scrolls
 b - a scroll of enchant weapon
 g - a scroll of remove curse
 i - 3 scrolls of teleportation {unknown}
 j - a scroll of identify
 l - 3 scrolls of fear
Potions
 e - 4 potions of flight
 k - 3 potions of haste
 m - 3 potions of curing
 o - 3 potions of brilliance
 p - 3 potions of invisibility
 q - a potion of might
 w - a potion of agility
 z - a potion of mutation
Comestibles
 f - 8 rations


   Skills:
 * Level 9.1(8.3) Fighting
 - Level 1.0(0.4) Short Blades
 + Level 1.0(0.4) Axes
 + Level 14.2(13.2) Bows
 + Level 2.9(2.3) Armour
 + Level 2.7(2.0) Dodging
 - Level 0.4(0.0) Stealth


You had 9 spell levels left.
You didn't know any spells.
Your spell library contained the following spells:

 Spells                   Type           Power        Failure   Level  Hunger
 Magic Dart               Conj           #...         43%         1    ##.....
 Blink                    Tloc           N/A          56%         2    ###....
 Call Imp                 Summ           #.......     56%         2    ###....
 Slow                     Hex            #.......     56%         2    ###....
 Conjure Flame            Conj/Fire      #.......     80%         3    ####...
 Mephitic Cloud           Conj/Pois/Air  #.......     80%         3    ####...


Dungeon Overview and Level Annotations

Branches:
Dungeon (8/15)             Temple (0/1) D:4
   Lair: D:8-11

Altars:
Ashenzari
Elyvilon
Hepliaklqana
Okawaru
Sif Muna
Trog
Vehumet
Wu Jian
Zin

Annotations:
D:6 3 runed doors, Esekla's ghost, novice VSCj


Innate Abilities, Weirdness & Mutations

You have hooves in place of feet.
Armour fits poorly on your strangely shaped body.
You cover ground very quickly.
You have extremely tough skin. (AC +3)


Message History

Press: ? - help, Shift-Dir - straight line, f/p - hornet
Aim: a hornet (almost dead)
You shoot an arrow.
The arrow hits the hornet but does no damage.
The hornet is almost dead.
The hornet stings you.
* * * LOW HITPOINT WARNING * * *
You are poisoned.
You suddenly lose the ability to move!
The hornet stings you.
* * * LOW HITPOINT WARNING * * *
You are more poisoned.
You feel as though you will be slow longer.
You feel sick. The hornet stings you!
* * * LOW HITPOINT WARNING * * *
You are more poisoned.
You feel as though you will be slow longer.
* * * LOW HITPOINT WARNING * * *
You feel very sick. The hornet stings you!
You die...

....)..#### .#
..#####†..###.# ..#
#.....#.### ..#
#.........# ..#
#...†...#.# ..#
####....#.# ###. .>###.
+F#...##.# ..(..
......####......##...$.#
......#......##.@y)(..(#
......#......##(##.....#
..#.###.........# ...$#
..#.# #....#.#### ####
..#.# #.##.#.# ..# #.
....# ..# ## ## ##
###.##### #. ......y.


You could see a hornet.

Vanquished Creatures
  A two-headed ogre (D:8)
  A shadow (D:8)
  A steam dragon (D:8)
  Edmund (D:5)
  An orc warrior (D:7)
  A sky beast (D:8)
  Duvessa (D:6)
  A necrophage (D:6)
  3 ice beasts
  A phantom (D:7)
  3 black bears
  An ogre (D:4)
  4 centaurs
  5 bullfrogs
  6 scorpions
  A wyvern skeleton (D:6)
  Dowan (D:6)
  5 killer bees (D:8)
  8 wights
  A howler monkey (D:4)
  A bullfrog zombie (D:6)
  A crimson imp (D:7)
  5 hounds
  2 jellies
  2 orc wizards (D:4)
  3 orc priests
  A bullfrog skeleton (D:6)
  2 iguanas
  2 centaur skeletons
  5 worker ants
  2 hound skeletons
  7 gnolls
  7 adders
  3 shadow imps
  An ooze (D:4)
  3 worms
  A dart slug (D:1)
  6 leopard geckos
  17 orcs
  8 giant cockroaches
  10 goblins
  5 hobgoblins
  7 kobolds
  2 quokkas
  5 bats
  6 frilled lizards
  2 quokka skeletons
  A quokka zombie (D:8)
  6 rats
170 creatures vanquished.

Notes
Turn   | Place    | Note
-------+----------+-------------------------------------------
     0 | D:1      | Americanboy the Centaur Hunter began the quest for the Orb.
     0 | D:1      | Reached XP level 1. HP: 17/17 MP: 1/1
    20 | D:1      | Reached skill level 6 in Bows
    20 | D:1      | Reached XP level 2. HP: 5/24 MP: 2/2
   492 | D:1      | Reached XP level 3. HP: 29/29 MP: 3/3
  1635 | D:2      | Found an iron altar of Okawaru.
  1696 | D:2      | Became a worshipper of Warmaster Okawaru
  1857 | D:3      | Found a white marble altar of Elyvilon.
  1861 | D:3      | Reached XP level 4. HP: 37/37 MP: 4/4
  2058 | D:3      | Reached skill level 1 in Short Blades
  2293 | D:3      | Found a hazy altar of Hepliaklqana.
  2321 | D:3      | Found an ornate altar of the Wu Jian Council.
  2362 | D:3      | Reached skill level 1 in Armour
  2569 | D:3      | Reached XP level 5. HP: 45/45 MP: 5/5
  3133 | D:4      | Noticed an ogre
  3146 | D:4      | Killed an ogre
  3146 | D:4      | Reached skill level 7 in Bows
  3411 | D:4      | Reached * piety under Okawaru
  3411 | D:4      | Reached XP level 6. HP: 39/51 MP: 6/6
  3424 | D:4      | Found a staircase to the Ecumenical Temple.
  3439 | D:4      | Reached skill level 8 in Bows
  3606 | D:3      | Got a brightly glowing hand axe {protect}
  3607 | D:3      | Identified the +6 hand axe of Tenacity {protect, *Rage
                  | MR+++ Str-5 Int+7} (You took it off a gnoll on level 3 of
                  | the Dungeon)
  4257 | D:4      | Reached skill level 9 in Bows
  4257 | D:4      | Reached XP level 7. HP: 59/59 MP: 7/7
  4261 | D:4      | Found a deep blue altar of Sif Muna.
  4309 | D:5      | Entered Level 5 of the Dungeon
  4673 | D:5      | You fall through a shaft for 3 floors!
  4948 | D:7      | Reached ** piety under Okawaru
  4948 | D:7      | Reached skill level 10 in Bows
  5066 | D:7      | Reached skill level 5 in Fighting
  5074 | D:7      | Reached XP level 8. HP: 42/68 MP: 8/8
  5623 | D:7      | Found a radiant altar of Vehumet.
  5667 | D:7      | Reached skill level 11 in Bows
  5840 | D:7      | Reached *** piety under Okawaru
  6267 | D:6      | Reached skill level 12 in Bows
  6566 | D:6      | Found a bloodstained altar of Trog.
  6575 | D:6      | Reached XP level 9. HP: 78/78 MP: 9/9
  7119 | D:6      | Found a runed gate.
  7128 | D:6      | Found a runed gate.
  7128 | D:6      | Noticed Esekla's ghost (novice VSCj)
  7129 | D:6      | Found a runed gate.
  7306 | D:6      | Noticed Dowan
  7320 | D:6      | Killed Dowan
  7339 | D:6      | Noticed Duvessa
  7356 | D:6      | Killed Duvessa
  8052 | D:5      | Reached **** piety under Okawaru
  8337 | D:5      | Noticed Edmund
  8356 | D:5      | Killed Edmund
  8356 | D:5      | Reached skill level 13 in Bows
  8389 | D:5      | Found a glowing silver altar of Zin.
  8631 | D:8      | Noticed a two-headed ogre
  8646 | D:8      | Killed a two-headed ogre
  8936 | D:8      | Received a gift from Okawaru
  9044 | D:8      | Reached XP level 10. HP: 46/90 MP: 10/10
  9051 | D:8      | Reached skill level 14 in Bows
  9336 | D:8      | Found a shattered altar of Ashenzari.
  9829 | D:8      | Reached skill level 1 in Axes
  9831 | D:8      | Paralysed by a hornet for 3 turns
  9833 | D:8      | Slain by a hornet

Skill      XL: |  1  2  3  4  5  6  7  8  9 10 |
---------------+-------------------------------+-----
Bows           | 6 7 9 10 12 13 14 | 14.2
Short Blades   | 1 |  1.0
Armour         | 1 2 |  2.9
Fighting       | 3 4 5 6 8 9 |  9.1
Dodging        | 2 |  2.7
Axes           | 1 |  1.0
Stealth        | |  0.4

Action                   |  1- 3 |  4- 6 |  7- 9 | 10-12 || total
-------------------------+-------+-------+-------+-------++-------
Melee: Short sword       |    62 |       |       |       ||    62
       Kick              |    10 |     3 |       |    11 ||    24
       Hand axe          |       |    17 |       |    31 ||    48
 Fire: Shortbow          |    48 |   140 |   521 |    45 ||   754
Throw: Throwing net      |       |       |     4 |       ||     4
  Use: Scroll            |     2 |       |    20 |       ||    22
       Potion            |       |       |     1 |     1 ||     2
  Eat: Chunk             |     2 |     2 |     8 |       ||    12
       Ration            |       |     1 |     3 |       ||     4
Armor: Leather armour    |    25 |    13 |    35 |    30 ||   103
Dodge: Dodged            |    42 |    31 |    75 |    43 ||   191
